 Dungeon Crawl Stone Soup version 0.31-a0-214-gb37851dbb3 (webtiles) character file.

Game seed: 12395160815305151646

97 qw the Shooter (level 4, -7/27 HPs)
             Began as a Gargoyle Hexslinger on July 1, 2023.
             Mangled by an ice beast (14 damage)
             ... on level 3 of the Dungeon.
             The game lasted 00:00:39 (1389 turns).

qw the Shooter (Gargoyle Hexslinger)                Turns: 1389, Time: 00:00:40

Health: -7/27      AC:  8    Str: 12    XL:     4   Next: 68%
Magic:  5/5        EV: 10    Int: 13    God:
Gold:   82         SH:  0    Dex: 14    Spells: 4/5 levels left

rFire   . . .        Y - +1 sling (elec)
rCold   . . .        (no shield)
rNeg    + . .        i - +0 ring mail
rPois   inf          (no helmet)
rElec   +            (no cloak)
rCorr   .            (no gloves)
SInv    .            (no boots)
Will    .....        e - amulet of faith
Stlth   +            (no ring)
HPRegen 0.24/turn    (no ring)
MPRegen 0.09/turn

%: faith
@: no status effects
A: sickness immunity, AC +3, negative energy resistance 1, electricity
resistance, torment resistance 1, petrification resistance
a: no special abilities


You were on level 3 of the Dungeon.
You visited 1 branch of the dungeon, and saw 3 of its levels.

You collected 82 gold pieces.


Innate Abilities, Weirdness & Mutations

You are immune to sickness and miasma.
Your stone body is resilient. (AC +3)
You are immune to poison.
You resist negative energy. (rN+)
You are resistant to electric shocks. (rElec)
You are resistant to unholy torment.
You are immune to petrification.


   Skills:
 - Level 2.3 Fighting
 + Level 4.1 Ranged Weapons
 - Level 1.0 Armour
 - Level 1.5 Dodging
 - Level 1.0 Spellcasting
 - Level 2.6 Hexes


You had 4 spell levels left.
You knew the following spells:

 Your Spells              Type           Power      Damage    Failure   Level
a - Slow                  Hex            28%        N/A       22%         1

Your spell library contained the following spells:

 Spells                   Type           Power      Damage    Failure   Level
 Inner Flame              Hex/Fire       4%         N/A       73%         3
 Portal Projectile        Hex/Tloc       8%         N/A       73%         3
 Cause Fear               Hex            3%         N/A       91%         4

Inventory:

Hand Weapons
 Y - a +1 sling of electrocution (weapon)
Armour
 i - a +0 ring mail (worn)
Jewellery
 e - an amulet of faith (around neck)
Scrolls
 b - a scroll of identify
Potions
 a - a potion of curing
 g - a potion of invisibility {unknown}
 k - a potion of might {unknown}
 l - a potion of heal wounds {unknown}

Dungeon Overview and Level Annotations

Branches:
Dungeon (3/15)

Altars:
Makhleb


Message History

Waypoint 2 assigned to D:3.
An ice beast comes into view.
You shoot a sling bullet.
The sling bullet hits the ice beast but does no damage.
You shoot a sling bullet. The sling bullet hits the ice beast.
The ice beast is lightly wounded.
You shoot a sling bullet.
The sling bullet closely misses the ice beast.
You shoot a sling bullet.
The sling bullet closely misses the ice beast.
The ice beast hits you. The ice beast freezes you!
You shoot a sling bullet. The sling bullet hits the ice beast.
The ice beast is moderately wounded.
The ice beast hits you but does no damage.
You shoot a sling bullet. The sling bullet hits the ice beast.
The ice beast is moderately wounded.
The ice beast hits you. The ice beast freezes you!
The ice beast barely misses you.
You shoot a sling bullet. The sling bullet hits the ice beast.
The ice beast is heavily wounded.
The ice beast barely misses you.
You shoot a sling bullet. The sling bullet hits the ice beast.
The ice beast is heavily wounded.
The ice beast barely misses you.
You shoot a sling bullet.
The sling bullet barely misses the ice beast.
The ice beast barely misses you.
You shoot a sling bullet.
The sling bullet barely misses the ice beast.
The ice beast closely misses you.
The ice beast hits you but does no damage.
You shoot a sling bullet.
The sling bullet hits the ice beast but does no damage.
The ice beast is heavily wounded.
The ice beast closely misses you.
You shoot a sling bullet.
The sling bullet barely misses the ice beast.
The ice beast hits you. The ice beast freezes you!
Ouch! That really hurt!
You die...

#...#.# #...#.#
#...#.# #...#.#
#...#.# #...#.#
#..Y#.#######
#...@.......#
#########.#####.#
#.<.......#
#########.# #.#
###


You could see an ice beast.

Vanquished Creatures
  5 adders (D:2)
  A worm (D:2)
  A dart slug (D:2)
  4 bats
  4 endoplasms
  2 giant cockroaches (D:2)
  2 goblins
  2 hobgoblins
  4 jackals (D:2)
  2 quokkas (D:1)
  4 ball pythons
  4 frilled lizards
  7 kobolds
  4 rats
46 creatures vanquished.

Notes
Turn   | Place    | Note
-------+----------+-------------------------------------------
     0 | D:1      | qw the Gargoyle Hexslinger began the quest for the Orb.
     0 | D:1      | Reached XP level 1. HP: 12/12 MP: 2/2
     0 | D:1      | 0 ||| qw: Version: 0.3-a-32-g5962c71
     0 | D:1      | 0 ||| qw: Game counter: 7614
     0 | D:1      | 0 ||| qw: Melee chars always use a shield: true
     0 | D:1      | 0 ||| qw: God list: Okawaru
     0 | D:1      | 0 ||| qw: Allow faded altars: false
     0 | D:1      | 0 ||| qw: Do Orc after clearing Dungeon:15 true
     0 | D:1      | 0 ||| qw: Do second Lair branch before Depths: true
     0 | D:1      | 0 ||| qw: Lair rune preference: random
     0 | D:1      | 0 ||| qw: Goals: Normal
     0 | D:1      | 0 ||| PLANNING D:1-11
    29 | D:1      | Reached XP level 2. HP: 13/16 MP: 3/3
    72 | D:1      | Reached skill level 3 in Ranged Weapons
   303 | D:1      | Found a faded altar of an unknown god.
   491 | D:1      | Reached XP level 3. HP: 21/21 MP: 4/4
   493 | D:1      | 493 ||| UPGRADING to +0 leather armour.
   503 | D:1      | 503 ||| DROPPING +0 robe.
   504 | D:1      | 504 ||| UPGRADING to +0 ring mail.
   514 | D:1      | 514 ||| DROPPING +0 leather armour.
   515 | D:1      | 515 ||| READING scroll labelled VYOFAH RUYXT.
   516 | D:1      | 516 ||| READING scroll labelled GOAGEXTAGOY.
   517 | D:1      | 517 ||| READING scroll labelled FOERIACWARGHI.
   518 | D:1      | 518 ||| READING scroll labelled JAPLITTUASK.
   519 | D:1      | 519 ||| DROPPING scroll of poison.
   562 | D:2      | Found a burning altar of Makhleb.
   715 | D:2      | Reached XP level 4. HP: 27/27 MP: 5/5
   883 | D:2      | Reached skill level 4 in Ranged Weapons
  1171 | D:2      | Reached skill level 1 in Armour
  1344 | D:2      | 1344 ||| UPGRADING to amulet of faith.
  1349 | D:2      | 1349 ||| READING scroll labelled OFOJEOGGOA.
  1350 | D:2      | 1350 ||| READING 3 scrolls of identify.
  1350 | D:2      | 1350 ||| IDENTIFYING red potion
  1351 | D:2      | 1351 ||| READING 2 scrolls of identify.
  1351 | D:2      | 1351 ||| IDENTIFYING dark potion
  1352 | D:2      | 1352 ||| DROPPING potion of attraction.
  1377 | D:3      | Noticed an ice beast
  1389 | D:3      | Mangled by an ice beast

Levels and vault maps discovered:
D:1:      minmay_arrival_arboretum_small, layout_rooms,
          shapermc_ecumenical_altar_mp_urbaneastern, minmay_split_cup_small
D:2:      layout_basic, basic_altar
D:3:      layout_basic, nicolae_overflow_crystal_walls, ebering_ghost_gozag,
          uniq_jessica

Skill      XL: |  1  2  3  4 |
---------------+-------------+-----
Ranged Weapons | 3 4 |  4.1
Fighting       | 2 |  2.3
Armour         | 1 |  1.0
Dodging        | |  1.5
Spellcasting   | |  1.0
Hexes          | |  2.6

Action                     |  1- 3 |  4- 6 || total
---------------------------+-------+-------++-------
   Fire: Sling             |    90 |    60 ||   150
    Use: Scroll            |     4 |     3 ||     7
 Armour: Robe              |     9 |       ||     9
         Ring mail         |     4 |    21 ||    25
  Dodge: Dodged            |    19 |    32 ||    51

Table legend:
 A = Non-vault XP
 B = Vault XP
 C = Vault XP percentage of total XP
 D = Non-vault monster count
 E = Vault monster count
 F = Vault count percentage of total count
                 A         B        C        D         E       F
            +---------+---------+-------+---------+---------+-------
      Total |     134 |       5 |   3.6 |      43 |       3 |   6.5
            +---------+---------+-------+---------+---------+-------
        D:1 |      29 |       5 |  14.7 |      19 |       3 |  13.6
        D:2 |     105 |       0 |   0.0 |      24 |       0 |   0.0
            +---------+---------+-------+---------+---------+-------
